 Dungeon Crawl Stone Soup version 0.30-a0-629-gd54f4be4f7 (webtiles) character file.

Game seed: 17252385185464332551

2000 kae the Changer (level 9, 0/70 HPs)
             Began as a Demonspawn Transmuter on Jan 12, 2023.
             Was an Initiate of Ru.
             Engulfed by a steam dragon's steam (16 damage)
             ... on level 7 of the Dungeon.
             The game lasted 00:06:38 (6604 turns).

kae the Changer (Demonspawn Transmuter)             Turns: 6604, Time: 00:06:39

Health: 0/70       AC:  8    Str: 10    XL:     9   Next: 2%
Magic:  9/16       EV: 10    Int: 20    God:    Ru [......]
Gold:   468        SH:  5    Dex: 13    Spells: 7/17 levels left

rFire   x . .      SeeInvis .      - Unarmed
rCold   + + +      Faith    .    (shield currently unavailable)
rNeg    . . .      Spirit   .    (body armour currently unavailable)
rPois   +          Reflect  +    (helmet currently unavailable)
rElec   .          Harm     .    (cloak currently unavailable)
rCorr   .          Rampage  .    (gloves currently unavailable)
Will    .....                    (boots currently unavailable)
Stlth   +                        A - amulet of reflection
HPRegen 0.31/turn                P - ring of poison resistance
MPRegen 0.15/turn                L - ring of flight

@: ice-form, flying
A: freezing attack, amphibious, boosted hp, large, (yellow scales 2), demonic
guardian 1, icemail 1, condensation shield
a: End Transformation, Renounce Religion, Sacrifice Health, Sacrifice a Hand,
Sacrifice Essence, Reject Sacrifices


You were on level 7 of the Dungeon.
You worshipped Ru.
Ru was noncommittal.
You were a creature of crystalline ice.
You visited 1 branch of the dungeon, and saw 7 of its levels.

You collected 468 gold pieces.


Innate Abilities, Weirdness & Mutations

You are a creature of crystalline ice.
You have a powerful freezing melee attack.
You are amphibious.
Your maximum health is increased.
Your armour is entirely melded.
You are incapable of wielding weapons or throwing items.
((You are mostly covered in yellow scales. (AC +3)))
A weak demonic guardian rushes to your aid.
A meltable icy envelope protects you from harm. (AC +0)
A meltable shield of frost defends you. (SH +0)


   Skills:
 - Level 1.0 Fighting
 + Level 0.6 Throwing
 - Level 1.7 Dodging
 + Level 5.3 Unarmed Combat
 + Level 4.9 Spellcasting
 * Level 6.8 Transmutations
 * Level 4.9 Ice Magic
 - Level 1.5 Poison Magic


You had 7 spell levels left.
You knew the following spells:

 Your Spells              Type           Power      Damage    Failure   Level
a - Beastly Appendage     Tmut           64%        N/A       1%          1
b - Wereblood             Tmut           32%        N/A       1%          2
c - Spider Form           Tmut/Pois      21%        N/A       6%          3
d - Ice Form              Ice/Tmut       28%        N/A       11%         4

Your spell library contained the following spells:

 Spells                   Type           Power      Damage    Failure   Level
 Sting                    Tmut/Pois      84%        1d7       2%          1
 Ignite Poison            Fire/Tmut/Pois 16%        N/A       11%         3
 Poisonous Vapours        Pois/Air       14%        N/A       13%         2
 Scorch                   Fire           8%         2d5       19%         2
 Call Canine Familiar     Summ           4%         N/A       34%         3
 Kindle Blastsparks       Fire/Tloc/Air  8%         2d10      34%         3
 Portal Projectile        Hex/Tloc       8%         N/A       34%         3
 Olgreb's Toxic Radiance  Pois           10%        N/A       54%         4
 Flame Wave               Conj/Fire      4%         2d5       75%         4
 Leda's Liquefaction      Hex/Erth       2%         N/A       75%         4
 Freezing Cloud           Conj/Ice/Air   5%         6-21      86%         5
 Summon Cactus Giant      Summ           2%         N/A       100%        6

Inventory:

Missiles
 h - 10 atropa-tipped darts
 o - 41 stones
 q - 17 poisoned darts
 C - 3 boomerangs
Armour
 a - a +1 robe (melded)
Magical Staves
 l - a staff of conjuration {!a}
   (You found it on level 3 of the Dungeon)
 m - a staff of earth {!a}
   (You found it on level 2 of the Dungeon)
 p - a staff of earth {!a}
   (You took it off a hobgoblin on level 2 of the Dungeon)
 r - a staff of conjuration {!a}
   (You found it on level 3 of the Dungeon)
 B - a staff of death {!a}
   (You found it on level 6 of the Dungeon)
Jewellery
 A - an amulet of reflection (around neck)
   (You found it on level 6 of the Dungeon)
 L - a ring of flight (right front paw)
   (You found it on level 4 of the Dungeon)
 P - a ring of poison resistance (left front paw)
   (You found it on level 1 of the Dungeon)
Wands
 c - a wand of charming (8)
   (You found it on level 5 of the Dungeon)
 u - a wand of polymorph (12)
   (You found it on level 5 of the Dungeon)
 w - a wand of flame (12)
   (You took it off Ijyb on level 4 of the Dungeon)
 y - a wand of quicksilver (14)
   (You found it on level 5 of the Dungeon)
 E - a wand of digging (5)
   (You found it on level 6 of the Dungeon)
Scrolls
 d - a scroll of vulnerability {!r!r}
 f - a scroll of enchant armour
 i - a scroll of fear
 t - a scroll of immolation {!r!r}
 v - 2 scrolls of teleportation {@r4}
 x - a scroll of fog
 D - 2 scrolls of identify {@r1}
Potions
 b - 2 potions of lignification {!q}
 e - a potion of mutation {unknown}
 g - 2 potions of brilliance
 j - 2 potions of flight {unknown}
 k - a potion of ambrosia
 n - 7 potions of curing {@q1}
 z - a potion of haste {unknown}
 F - a potion of invisibility

Dungeon Overview and Level Annotations

Branches:
Dungeon (7/15) Zot: 26426  Temple (0/1) D:5

Altars:
Hepliaklqana
Okawaru
Ru

Annotations:
D:5 2 runed translucent doors, CoolSool's ghost, amateur DECj

##.. ##... #.... .#
####. .# #######.
.##########.......
#.........#....... #
#........ ##......
#.##Y...# #######...
#...D...####.........
##...................
#...................
......................
......................
.......................
.......................
###...................


You could see a steam dragon.


Message History

Increase (S)trength, (I)ntelligence, or (D)exterity?
You feel clever. x2 😎 HP[+5]
You now have 59 max hp (+5).
Your hp is fully restored (59).
Okay, then.
Your transformation is almost over.
Your transformation has ended.
Your +1 robe unmelds from your body. 😎 MP[+4]
Your mp is fully restored (16).
Found a stone staircase leading up.
You now have 468 gold pieces (gained 17).
A steam dragon comes into view.
A steam dragon is nearby!
A steam dragon is nearby!
A steam dragon is nearby!
Casting: Spider Form (dangerous; 6% risk of failure)
Confirm with . or Enter, or press ? or * to list all spells.
You miscast Ice Form.
You are very lightly contaminated with residual magic.
Nothing appears to happen.
The steam dragon hisses angrily. 😎 MP[-4]
You lost 4 mp, and now have 12/16 mp.
Casting: Ice Form (dangerous; 11% risk of failure)
Confirm with . or Enter, or press ? or * to list all spells.
You turn into a creature of crystalline ice.
Your +1 robe melds into your body. 😎 HP[+11] MP[-4]
You now have 70 max hp (+11).
Your hp is fully restored (70).
You lost 4 mp, and now have 8/16 mp.
The steam dragon breathes steam at you. The ball of steam hits you!!
Your icy defenses dissipate!
The steam scalds you terribly!
A demonic guardian appears! 😮 HP[-33]
You take 33 damage, and now have 37/70 hp.
MASSIVE DAMAGE!! (PAUSE)
Your ufetubus is engulfed in a cloud of scalding steam. 😮 HP[+1]
You hit the steam dragon but do no damage.
Your ufetubus hits the steam dragon but does no damage. x2
The steam dragon breathes steam at you. The ball of steam hits you!!
The steam scalds you terribly!
* * * LOW HITPOINT WARNING * * *
😱 HP[-24]
You take 24 damage, and now have 14/70 hp.
MASSIVE DAMAGE!! (PAUSE)
The steam dragon attacks as you move away!
The steam dragon closely misses you.
The steam dragon claws you but does no damage.
Your ufetubus hits the steam dragon.
Your ufetubus misses the steam dragon. 😱 MP[+1]
You feel much better.
Your ufetubus is engulfed in a cloud of scalding steam.
Your ufetubus dies!
Your ufetubus disappears in a puff of smoke!
The steam dragon breathes steam at you. The ball of steam misses you. 😮 HP[+35]
You regained 35 hp, and now have 49/70 hp.
You hit the steam dragon but do no damage.
You are engulfed in a cloud of scalding steam.
You block the steam dragon's attack. The steam dragon closely misses you.
Your magical contamination has completely faded away. 😮 HP[+1]
You hit the steam dragon. You freeze the steam dragon.
You are engulfed in a cloud of scalding steam.
The steam dragon bites you. The steam dragon misses you. 😮 HP[-5]
You take 5 damage, and now have 45/70 hp.
You barely miss the steam dragon.
You are engulfed in a cloud of scalding steam.
* * * LOW HITPOINT WARNING * * *
The steam dragon bites you but does no damage.
The steam dragon claws you but does no damage. 😨 HP[-19]
You take 19 damage, and now have 26/70 hp.
MASSIVE DAMAGE!! (PAUSE)
You hit the steam dragon. You freeze the steam dragon.
You are engulfed in a cloud of scalding steam.
* * * LOW HITPOINT WARNING * * *
The steam dragon barely misses you.
The steam dragon claws you but does no damage. 😨 HP[-7]
You take 7 damage, and now have 19/70 hp.
Unknown command.
You hit the steam dragon. You freeze the steam dragon.
You are engulfed in a cloud of scalding steam.
* * * LOW HITPOINT WARNING * * *
The steam dragon bites you.
* * * LOW HITPOINT WARNING * * *
The steam dragon claws you.
* * * LOW HITPOINT WARNING * * *
😱 HP[-3]
You take 3 damage, and now have 16/70 hp.
Unknown command.
You punch the steam dragon! You freeze the steam dragon.
You are engulfed in a cloud of scalding steam.
You die...

Skill      XL: |  1  2  3  4  5  6  7  8 |
---------------+-------------------------+-----
Transmutations | 2 3 4 5 6 |  6.8
Unarmed Combat | 3 4 5 |  5.3
Poison Magic   | 1 |  1.5
Spellcasting   | 3 4 |  4.9
Ice Magic      | 1 3 4 |  4.9
Fighting       | |  1.0
Throwing       | |  0.6
Dodging        | |  1.7

Action                   |  1- 3 |  4- 6 |  7- 9 || total
-------------------------+-------+-------+-------++-------
Melee: Unarmed           |   116 |   127 |   177 ||   420
       Kick              |    27 |    14 |       ||    41
       Headbutt          |    15 |     6 |       ||    21
       Punch             |       |     1 |       ||     1
 Cast: Beastly Appendage |    31 |    11 |       ||    42
       Spider Form       |       |     6 |    12 ||    18
       Ice Form          |       |     1 |     9 ||    10
       Wereblood         |       |       |     3 ||     3
  Use: Scroll            |     6 |     7 |     2 ||    15
       Potion            |       |       |     1 ||     1
 Stab: Distracted        |       |     1 |       ||     1
       Sleeping          |       |       |     1 ||     1
Armor: Robe              |    39 |    31 |     2 ||    72
       Skin              |       |     4 |    56 ||    60
Dodge: Dodged            |    72 |    75 |    84 ||   231
Block: Other             |       |     3 |    41 ||    44

Levels and vault maps discovered:
D:1:      elethiomel_arrival_quiet, layout_loops_ring,
          shapermc_ecumenical_altar_mp_ritualfount,
          amcnicky_mini_rare_corridor_liquid, ebering_dispersal_statue_hall
D:2:      layout_basic, minmay_misc_feat_nine_boxes
D:3:      layout_basic, nicolae_hepliaklqana_ecumenical_no_more,
          nicolae_ru_the_path_less_chosen
D:4:      layout_rooms, uniq_ijyb
D:5:      minmay_evil_eye, layout_layer_cave, okawaru_ov_weapons_minmay,
          minmay_temple_entry_statues_fountains, ebering_ghost_disaster_area,
          grunt_ministairs_9
D:6:      layout_basic
D:7:      layout_basic, xom_teletrap_fun, kennysheep_big_empty_room,
          serial_park_tiny_2

Notes
Turn   | Place    | Note
-------+----------+-------------------------------------------
     0 | D:1      | kae the Demonspawn Transmuter began the quest for the Orb.
     0 | D:1      | Reached XP level 1. HP: 15/15 MP: 3/3
     0 | D:1      | magus.rc [v1.11.3]
   139 | D:1      | Reached skill level 2 in Transmutations
   262 | D:1      | You pick up a book of Scorching and begin reading...
   262 | D:1      | You add the spells Scorch, Flame Wave and Summon Cactus
                  | Giant to your library.
   281 | D:1      | Gained mutation: You are partially covered in yellow
                  | scales. (AC +2) [demonic ancestry]
   281 | D:1      | Reached XP level 2. HP: 20/21 MP: 3/5
   348 | D:1      | Found a faded altar of an unknown god.
   687 | D:1      | You add the spells Sting, Poisonous Vapours and Olgreb's
                  | Toxic Radiance to your library.
   710 | D:1      | Reached skill level 3 in Unarmed Combat
   843 | D:1      | Learned a level 2 spell: Wereblood
   927 | D:2      | Gained mutation: You are mostly covered in yellow scales.
                  | (AC +3) [demonic ancestry]
   927 | D:2      | Reached XP level 3. HP: 15/26 MP: 6/6
  1010 | D:2      | Learned a level 3 spell: Spider Form
  1810 | D:3      | You pick up a book of the Hunter and begin reading...
  1810 | D:3      | You add the spells Call Canine Familiar, Portal Projectile
                  | and Leda's Liquefaction to your library.
  1938 | D:3      | Found a faded altar of an unknown god.
  1939 | D:3      | Found a hazy altar of Hepliaklqana.
  1941 | D:3      | Found a faded altar of an unknown god.
  2200 | D:3      | Reached skill level 3 in Transmutations
  2200 | D:3      | Reached XP level 4. HP: 32/32 MP: 5/7
  2384 | D:3      | Reached skill level 1 in Poison Magic
  2505 | D:3      | Found a sacrificial altar of Ru.
  2679 | D:3      | Became a worshipper of Ru the Awakened
  3027 | D:4      | Noticed Ijyb
  3043 | D:4      | Killed Ijyb
  3044 | D:4      | Gained mutation: A weak demonic guardian rushes to your
                  | aid. [demonic ancestry]
  3044 | D:4      | Reached XP level 5. HP: 17/37 MP: 6/9
  3227 | D:4      | Noticed a black bear
  3236 | D:4      | Killed a black bear
  3237 | D:4      | Reached skill level 3 in Spellcasting
  3462 | D:5      | Entered Level 5 of the Dungeon
  3462 | D:5      | Noticed an ogre
  3530 | D:5      | Reached skill level 4 in Transmutations
  3536 | D:5      | Gained mutation: A meltable shield of frost defends you.
                  | (SH +0) [demonic ancestry]
  3536 | D:5      | Reached XP level 6. HP: 25/43 MP: 7/10
  3657 | D:5      | Found an iron altar of Okawaru.
  3689 | D:5      | Noticed an ice beast
  3703 | D:5      | Found a staircase to the Ecumenical Temple.
  3848 | D:4      | Learned a level 4 spell: Ice Form
  4180 | D:5      | Killed an ice beast
  4181 | D:5      | Reached skill level 4 in Unarmed Combat
  4181 | D:5      | Reached skill level 1 in Ice Magic
  4287 | D:5      | Reached XP level 7. HP: 29/48 MP: 8/12
  4328 | D:5      | Reached skill level 5 in Transmutations
  4410 | D:5      | Reached skill level 2 in Ice Magic
  4744 | D:5      | Found a large runed translucent door.
  4744 | D:5      | Found a large runed translucent door.
  4746 | D:5      | Noticed CoolSool's ghost (amateur DECj)
  4758 | D:5      | Reached skill level 4 in Spellcasting
  5574 | D:6      | Reached skill level 3 in Ice Magic
  5654 | D:6      | Gained mutation: A meltable icy envelope protects you from
                  | harm. (AC +0) [demonic ancestry]
  5654 | D:6      | Reached XP level 8. HP: 47/54 MP: 10/14
  5781 | D:6      | Reached skill level 6 in Transmutations
  5798 | D:6      | Reached skill level 4 in Ice Magic
  5875 | D:6      | Identified the +2 sling of Laceration {drain, rPois rF+
                  | Str+3}
  6054 | D:7      | Reached skill level 5 in Unarmed Combat
  6063 | D:7      | Identified the +9 long sword of Darry {flame, Will- rCorr
                  | MP+9 SInv}
  6486 | D:7      | You add the spells Kindle Blastsparks, Ignite Poison and
                  | Freezing Cloud to your library.
  6500 | D:7      | Reached XP level 9. HP: 59/59 MP: 12/16
  6596 | D:7      | HP: 14/70 [steam dragon/ball of steam (24)]
  6603 | D:7      | HP: 17/70 [steam dragon (1)]
  6604 | D:7      | Engulfed by a steam dragon's steam

Vanquished Creatures
  2 water moccasins
  4 ice beasts
  A sky beast (D:6)
  A black bear (D:4)
  2 ogres (D:5)
  2 phantoms (D:5)
  A kobold brigand (D:7)
  2 bullfrogs
  A scorpion (D:7)
  A howler monkey (D:5)
  4 hounds
  An orc priest (D:5)
  A jelly (D:5)
  Ijyb (D:4)
  An iguana (D:5)
  3 orc wizards
  7 gnolls (D:7)
  6 adders
  A shadow imp (D:4)
  An ufetubus (D:6)
  A worm (D:5)
  2 dart slugs (D:1)
  23 orcs
  5 endoplasms
  5 giant cockroaches
  7 goblins
  13 hobgoblins
  2 jackals (D:1)
  2 quokkas
  4 ball pythons
  2 bats
  3 frilled lizards
  14 kobolds
  5 rats
131 creatures vanquished.

Vanquished Creatures (collateral kills)
  A necrophage (D:5)
  2 orcs (D:5)
  A kobold (D:7)
4 creatures vanquished.

Vanquished Creatures (others)
  A fungus (D:1)
  2 plants (D:1)
3 creatures vanquished.

Grand Total: 138 creatures vanquished

Table legend:
 A = Non-vault XP
 B = Vault XP
 C = Vault XP percentage of total XP
 D = Non-vault monster count
 E = Vault monster count
 F = Vault count percentage of total count
                 A         B        C        D         E       F
            +---------+---------+-------+---------+---------+-------
      Total |    2514 |     344 |  12.0 |     128 |       7 |   5.2
            +---------+---------+-------+---------+---------+-------
        D:1 |      34 |       0 |   0.0 |      18 |       0 |   0.0
        D:2 |      39 |       0 |   0.0 |      17 |       0 |   0.0
        D:3 |      58 |       0 |   0.0 |      21 |       0 |   0.0
        D:4 |     156 |      38 |  19.6 |       7 |       1 |  12.5
        D:5 |     713 |     306 |  30.0 |      18 |       6 |  25.0
        D:6 |     684 |       0 |   0.0 |      22 |       0 |   0.0
        D:7 |     830 |       0 |   0.0 |      25 |       0 |   0.0
            +---------+---------+-------+---------+---------+-------

Illustrated notes

Table legend:
 A = Kills in this place as a percentage of kills in entire the game.
 B = Kills by you in this place as a percentage of kills by you in the entire game.
 C = Kills by friends in this place as a percentage of kills by friends in the entire game.
 D = Other kills in this place as a percentage of other kills in the entire game.
 E = Experience gained in this place as a percentage of experience gained in the entire game.
 F = Experience gained in this place divided by the number of levels of this place that you have seen.
                   A       B       C       D       E      F
               +-------+-------+-------+-------+-------+----------------------
         Total | 100.0 | 100.0 | 100.0 |   N/A | 100.0 | 408.3
       Dungeon | 100.0 | 100.0 | 100.0 |   N/A | 100.0 | 408.3
               +-------+-------+-------+-------+-------+----------------------

Table legend: (Time is in decaauts)
 A = Elapsed time spent in this place.
 B = Non-inter-level travel time spent in this place.
 C = Inter-level travel time spent in this place.
 D = Time resting spent in this place.
 E = Time spent auto-exploring this place.
 F = Levels seen in this place.
 G = Mean time per level.
                   A        B        C        D        E       F      G
               +--------+--------+--------+--------+--------+-----+--------+
         Total |   6575 |   6386 |    189 |    444 |   4855 |   7 |  939.3 |
       Dungeon |   6575 |   6386 |    189 |    444 |   4855 |   7 |  939.3 |
               +--------+--------+--------+--------+--------+-----+--------+

Top non-repeatable levels by time:
     D:5: 1693 daAuts
     D:4: 1058 daAuts
     D:3: 1004 daAuts
     D:2: 938 daAuts
     D:1: 856 daAuts
     D:7: 574 daAuts
     D:6: 450 daAuts
